Cogmind - Beta 15 @@@ ROGUE MODE // 2025.06.29 @ 23:56:24 Player: pyroperro Result: Destroyed by P-80 Master with Gamma Rifle Performance ------------- Evolutions (8) 4000 Regions Visited (17) 3400 Robots Destroyed (160) 800 Value Destroyed (4334) 4334 Prototype IDs (44) 880 Alien Tech Used (0) 0 Bonus (831) 831 TOTAL SCORE: 14245 Bonus ------- High Alert Combat Kills 155 Follower Combat Kills 376 Aligned with FarCom 300 Cogmind --------- Core Integrity 0/1450 Matter 112/300 Energy 61/100 System Corruption 11% Temperature Danger (409) Movement Core (50) Location -2/Research Parts ------- > --- POWER (1) -------- (None) > --- PROPULSION (8) --- (None) > --- UTILITY (11) ----- Enhanced Optical Array Hacking Suite > --- WEAPON (3) ------- (None) > --- INVENTORY (5) ---- Advanced Sensor Array Long-range Terrain Scanner Advanced ECM Suite Peak State ------------ > --- POWER ------------ Light Quantum Reactor > --- PROPULSION ------- Impulse Thruster Field Propulsion Array Field Propulsion Array Field Propulsion Array Q-thruster > --- UTILITY ---------- Medium Storage Unit Enhanced Optical Array Advanced Terrain Scan Processor Centrium Medium Armor Plating Improved Remote Shield Hacking Suite Hacking Suite Hacking Suite Hacking Suite Hacking Suite Advanced System Shield > --- WEAPON ----------- (None) > --- INVENTORY -------- Light Quantum Reactor Light Quantum Reactor Nuclear Pulse Thruster Impulse Thruster Field Propulsion Array Field Propulsion Array Advanced Sensor Array [Rating: 119] Favorites ----------- Power Heavy Ion Engine Engine Heavy Ion Engine Power Core Light Nuclear Core Reactor Light Quantum Reactor Propulsion Light Treads Treads Light Treads Leg Titanium Leg Flight Unit Improved VTOL Module Utility Hacking Suite Device ECM Suite Storage Large Storage Unit Processor Visual Processing Unit Hackware Hacking Suite Protection Utility Shielding Weapon Particle Cannon Energy Gun AWS/Thermal Energy Cannon Particle Cannon Ballistic Gun Flak Gun Ballistic Cannon Improved Light Cannon Launcher Heavy Rocket Launcher Special Weapon Improved Plasma Cutter Impact Weapon Impact Mace Slashing Weapon Katana Piercing Weapon Spear Special Melee Weapon Advanced Datajack Build | -11 -10 -10 -9 -9 -9 -8 -8 -7 -6 -6 -6 -6 -6 -5 -4 -3 -2 ------- Run | Yrd Mat Min Mat Min Exi Min Mat Fac Fac Was Fac Low Low Fac Fac Res Res Slots Evolved 16 | . . . 2 . . . 2 2 2 . . . . 2 2 2 2 Power . | . . . . . . . . . . . . . . . . . . Propulsion 6 | . . . 1 . . . . 1 . . . . . 1 . 1 2 Utility 9 | . . . 1 . . . 2 1 1 . . . . 1 2 1 . Weapon 1 | . . . . . . . . . 1 . . . . . . . . Parts Attached 139 | 6 11 1 24 2 1 3 26 12 8 2 6 . . 15 5 7 10 Power 21 | 1 3 1 3 . . 1 4 1 1 . 1 . . 1 . 2 2 Engine 11 | 1 3 1 2 . . . 1 1 1 . 1 . . . . . . Core 6 | . . . 1 . . 1 3 . . . . . . 1 . . . Reactor 4 | . . . . . . . . . . . . . . . . 2 2 Propulsion 38 | 2 . . 8 1 . . 6 6 2 . 2 . . 3 1 3 4 Treads 13 | 2 . . 5 1 . . 5 . . . . . . . . . . Leg 3 | . . . 3 . . . . . . . . . . . . . . Wheel . | . . . . . . . . . . . . . . . . . . Hover . | . . . . . . . . . . . . . . . . . . Flight 22 | . . . . . . . 1 6 2 . 2 . . 3 1 3 4 Utility 42 | 1 3 . 5 . . . 6 5 1 2 2 . . 8 4 2 3 Device 12 | . . . . . . . 1 . 1 1 2 . . 1 2 2 2 Storage 5 | 1 2 . . . . . 1 . . . . . . 1 . . . Processor 7 | . 1 . . . . . 1 . . 1 . . . 2 2 . . Hackware 8 | . . . . . . . . 5 . . . . . 3 . . . Protection 10 | . . . 5 . . . 3 . . . . . . 1 . . 1 Artifact . | . . . . . . . . . . . . . . . . . . Weapon 38 | 2 5 . 8 1 1 2 10 . 4 . 1 . . 3 . . 1 Energy Gun 10 | 1 3 . 1 . . 2 3 . . . . . . . . . . Energy Cannon 5 | . 2 . 2 1 . . . . . . . . . . . . . Ballistic Gun 7 | 1 . . 2 . . . 4 . . . . . . . . . . Ballistic Cannon 2 | . . . 1 . . . 1 . . . . . . . . . . Launcher 6 | . . . 2 . . . 1 . 1 . . . . 2 . . . Special Weapon 1 | . . . . . . . . . . . . . . 1 . . . Impact Weapon 1 | . . . . . . . . . . . . . . . . . 1 Slashing Weapon 2 | . . . . . . . 1 . . . 1 . . . . . . Piercing Weapon 1 | . . . . . . . . . 1 . . . . . . . . Special Melee Weapon 3 | . . . . . 1 . . . 2 . . . . . . . . Unidentified Prototypes 14 | . . . 2 . . . 2 1 . 1 3 . . 1 1 1 2 Parts Lost 28 | . . . 4 1 . . 3 1 . . . . . 2 . 5 12 Power 4 | . . . . . . . . . . . . . . . . 3 1 Propulsion 11 | . . . . . . . 2 1 . . . . . . . . 8 Utility 6 | . . . 2 . . . . . . . . . . . . 1 3 Weapon 7 | . . . 2 1 . . 1 . . . . . . 2 . 1 . Highest Loss Streak 12 | . . . 2 1 . . 1 1 . . . . . 1 . 4 12 To Critical Strikes . | . . . . . . . . . . . . . . . . . . Average Backups 11 | 2 7 11 14 14 14 13 19 5 4 5 4 5 5 6 6 5 5 Power . | . . 1 1 1 1 1 1 . . . . 1 1 1 1 . . Propulsion 3 | . 1 1 2 3 3 3 5 1 1 2 2 2 2 2 3 3 3 Utility 4 | . 2 5 6 6 5 5 5 1 1 2 1 1 1 2 1 . 1 Weapon 2 | . 2 3 3 2 4 4 5 1 1 1 1 1 1 . . . . Tool/Special . | . . . . . . . . . . . . . . . . . . Unused Backups 21 | . 3 . 2 . 2 . 6 2 1 . . . . 1 . 1 3 Power 5 | . . . 1 . . . 2 1 . . . . . . . . 1 Propulsion 6 | . 1 . 1 . . . 3 1 . . . . . . . . . Utility 5 | . . . . . 1 . . . 1 . . . . 1 . . 2 Weapon 3 | . 2 . . . . . 1 . . . . . . . . . . Tool/Special 2 | . . . . . 1 . . . . . . . . . . 1 . Average Slot Usage (%) 94 | . 96 100 97 100 88 99 97 97 96 98 98 100 100 90 77 73 67 Engine 5 | . 11 14 6 11 11 1 . . 6 6 6 6 6 2 . . . Core 3 | . . . 4 . . 9 8 6 . . . . . 2 5 1 . Treads 17 | . 28 28 18 33 33 33 26 . . . . . . . . . . Leg 2 | . . . 13 . . . . . . . . . . . . . . Flight 8 | . . . . . . . . 29 26 26 25 26 26 22 15 13 19 Device 3 | . . . . . . . 9 . 5 6 6 6 6 2 1 3 4 Storage 7 | . 14 14 11 11 11 11 9 . . . . . . 2 5 4 3 Processor 7 | . 13 14 11 11 11 11 9 . . . . . . . 8 9 8 Hackware 11 | . . . . . . . . 34 33 33 33 33 33 34 31 28 24 Protection 8 | . . . 9 11 11 11 17 9 6 5 5 6 6 4 4 3 1 Energy Gun 1 | . 2 . . . . 10 2 . . . . . . . . . . Energy Cannon 5 | . 24 28 6 7 . . . . . . . . . . . . . Ballistic Gun 3 | . 1 . 5 11 . . 9 . . . . . . . . . . Ballistic Cannon 2 | . . . 9 2 . . 2 . . . . . . . . . . Slashing Weapon 2 | . . . . . . . . 7 5 5 6 6 6 5 5 3 . Special Melee Weapon 1 | . . . . . 10 10 . . 5 5 6 6 6 4 . . . Peak Build Rating 119 | 6 11 12 26 19 19 30 33 44 56 64 64 63 63 85 85 101 119 Average Rating 34 | 5 10 11 19 18 16 19 28 40 50 54 57 63 63 78 80 95 104 On Entrance 39 | . 6 11 12 17 19 17 19 29 41 56 56 63 63 63 71 85 77 Naked Turns . | . . . . . . . . . . . . . . . . . . Heaviest Build 104 | 11 33 33 41 42 34 41 104 100 25 25 23 23 23 29 20 29 40 Greatest Support 63 | 40 40 40 60 63 63 63 63 62 22 22 24 23 23 32 33 45 60 Greatest Overweight (x) 2 | 1 . . 1 . . . 2 1 1 1 . . . 1 . . . Average Overweight (x) . | . . . . . . . . . . . . . . . . . . Largest Inventory Capacity 25 | 8 15 15 15 15 15 15 25 25 10 5 5 5 5 10 10 10 10 Average Capacity 13 | 7 10 15 15 15 15 15 22 5 5 5 5 5 5 7 10 10 9 Most Carried 24 | 3 11 13 15 15 15 15 24 24 5 5 5 5 5 10 10 10 10 Average Carried 11 | 2 7 11 14 14 14 14 19 5 4 4 4 5 5 7 7 6 7 Final Capacity 25 | 8 15 15 15 15 15 15 25 5 5 5 5 5 5 10 10 10 5 Final Carried 24 | 3 11 12 15 15 15 15 24 5 5 5 5 5 5 8 10 6 3 Class Distribution -------------------- 37% | Scavenger-Mutant 27% | Mutant 21% | Hacker-Sprinter 8% | Wizard-Mutant 3% | Wizard-Sprinter Dominant Class ---------------- Mutant | -10/Materials Mutant | -10/Mines Scavenger-Mutant | -9/Materials Scavenger-Mutant | -9/Mines Mutant | -9/Exiles Scavenger-Mutant | -8/Mines Scavenger-Mutant | -8/Materials Hacker-Sprinter | -7/Factory Hacker-Sprinter | -6/Factory Hacker-Sprinter | -6/Waste Hacker-Sprinter | -6/Factory Hacker-Sprinter | -6/Lower Caves Hacker-Sprinter | -6/Lower Caves Wizard-Mutant | -5/Factory Wizard-Mutant | -4/Factory Wizard-Mutant | -3/Research Wizard-Sprinter | -2/Research Resources | -11 -10 -10 -9 -9 -9 -8 -8 -7 -6 -6 -6 -6 -6 -5 -4 -3 -2 ----------- Run | Yrd Mat Min Mat Min Exi Min Mat Fac Fac Was Fac Low Low Fac Fac Res Res Matter Collected 3254 | 266 113 16 792 200 . 50 703 153 148 235 58 45 42 166 102 104 61 Remotely . | . . . . . . . . . . . . . . . . . . Salvage Created 4749 | 85 477 98 1557 210 . 148 1461 153 166 . 32 . . 53 102 178 29 Parts 343 | . 30 6 137 21 . 6 84 3 19 . 6 . . 7 6 16 2 Haulers Intercepted 3 | . . . 1 . . . 2 . . . . . . . . . . Recyclers Shooed 1 | . . . . . . . 1 . . . . . . . . . . Parts Field Recycled . | . . . . . . . . . . . . . . . . . . Retrieved Matter . | . . . . . . . . . . . . . . . . . . Parts Self-Destructed . | . . . . . . . . . . . . . . . . . . Prevented . | . . . . . . . . . . . . . . . . . . Kills | -11 -10 -10 -9 -9 -9 -8 -8 -7 -6 -6 -6 -6 -6 -5 -4 -3 -2 ------- Run | Yrd Mat Min Mat Min Exi Min Mat Fac Fac Was Fac Low Low Fac Fac Res Res Combat Hostiles Destroyed 116 | . 9 2 46 10 . 3 35 1 1 . . . . 4 . 4 1 Melee 6 | . . . . . . . . 1 1 . . . . . . 4 . Guns 40 | . . . 7 . . 3 30 . . . . . . . . . . Cannons 37 | . 9 2 24 1 . . 1 . . . . . . . . . . AOE 29 | . . . 13 9 . . 3 . . . . . . 4 . . . Classes Destroyed 16 | 1 4 . 5 1 . . 2 1 1 . . . . . . 1 . Worker 9 | . . . 2 . . . . . 3 . 2 . . . . 2 . Builder 11 | . . . 7 1 . . . . 3 . . . . . . . . Tunneler 1 | . . . . 1 . . . . . . . . . . . . . Hauler 3 | . . . 1 . . . 2 . . . . . . . . . . Recycler 4 | 1 1 . . . . . . 1 . . . . . . 1 . . Operator 8 | . 2 . 4 . . . 1 . 1 . . . . . . . . Drone 1 | . . . . . . . . . 1 . . . . . . . . Watcher 9 | . 3 . 4 . . . 1 1 . . . . . . . . . Swarmer 36 | . 3 . 15 4 . . 7 . . . . . . 4 . 3 . Cutter 2 | . . . . . . . . . . . . . . . . 1 1 Grunt 53 | . 6 2 22 5 . 2 16 . . . . . . . . . . Brawler 2 | . . . . . . . 2 . . . . . . . . . . Duelist 5 | . . . 1 1 . 1 2 . . . . . . . . . . Sentry 14 | . . . 8 . . . 6 . . . . . . . . . . Hunter 2 | . . . . . . . 2 . . . . . . . . . . Programmer 1 | . . . . . . . . 1 . . . . . . . . . Best Kill Streak 9 | 1 4 2 9 9 . 3 5 1 3 . 1 . . 4 1 6 1 Combat Bots Only 7 | . 4 2 5 7 . 3 5 1 1 . . . . 4 . 3 1 Max Kills in Single Turn 7 | 1 1 1 7 3 . 1 3 1 1 . 1 . . 4 1 1 1 Gunslinging . | . . . . . . . . . . . . . . . . . . Exploded 4 | . . . 3 2 . . 3 . . . . . . 4 . . . Melee 1 | . . . . . . . . 1 1 . . . . . . 1 . Uniques/NPCs Destroyed . | . . . . . . . . . . . . . . . . . . Combat | -11 -10 -10 -9 -9 -9 -8 -8 -7 -6 -6 -6 -6 -6 -5 -4 -3 -2 -------- Run | Yrd Mat Min Mat Min Exi Min Mat Fac Fac Was Fac Low Low Fac Fac Res Res Hostile Shots Fired 717 | . 38 17 161 41 . 8 137 6 22 . 1 . 2 26 4 81 173 Missed 269 | . 12 7 49 13 . 2 41 4 11 . . . . 10 3 45 72 Hits 448 | . 26 10 112 28 . 6 96 2 11 . 1 . 2 16 1 36 101 Melee 49 | . . . 3 . . 1 8 . . . . . . . . 12 25 Projectile 399 | . 26 10 109 28 . 5 88 2 11 . 1 . 2 16 1 24 76 AOE 4 | . . . . . . . . . . . . . . . . 1 3 Critical Strikes 33 | . . . 3 2 . . 5 1 . . . . . . . 4 18 Damage Taken 8486 | . 268 132 1532 395 . 113 1412 120 108 . 15 . 21 444 28 975 2923 Core 2577 | . 42 28 255 62 . 17 208 11 31 . . . 21 142 . 309 1451 Absorbed by Shields 194 | . . . . . . . . . 41 . 5 . 8 83 . . 57 Redirected to Shielding 347 | . . . 110 . . . 12 . 2 . . . . 66 25 132 . Regen/Repaired (Parts) 310 | . . . . . . . 159 . 36 2 47 . . . 66 . . Core Remaining (%) 78 | 100 . 72 . . . 16 62 98 . . . . 93 85 100 76 . Volleys Fired 190 | 6 24 6 80 14 . . 55 . 2 . . . . 3 . . . Largest 2 | 2 2 2 2 2 . . 2 . 1 . . . . 1 . . . Hottest 136 | 70 136 136 126 86 . . 67 . 39 . . . . 46 . . . Shots Fired 426 | 12 48 12 159 28 . 10 151 1 2 . . . . 3 . . . Gun 219 | 12 6 . 40 14 . 10 137 . . . . . . . . . . Cannon 182 | . 42 12 109 6 . . 13 . . . . . . . . . . Launcher 25 | . . . 10 8 . . 1 1 2 . . . . 3 . . . Special . | . . . . . . . . . . . . . . . . . . Kinetic 200 | 6 3 . 92 14 . . 85 . . . . . . . . . . Thermal 139 | 6 43 12 14 . . 10 54 . . . . . . . . . . Explosive 25 | . . . 10 8 . . 1 1 2 . . . . 3 . . . Electromagnetic 62 | . 2 . 43 6 . . 11 . . . . . . . . . . Robot Hit Streak 16 | 6 12 8 10 5 . 11 16 . . . . . . 4 . . . Robot Miss Streak 7 | 1 3 4 5 4 . . 7 . . . . . . . . . . Penetration Max . | . . . . . . . . . . . . . . . . . . Secondary Targets 1 | . . . . . . . 1 . . . . . . . . . . Max Gunslinging Chain 1 | . . . . . . . 1 . . . . . . . . . . Autonomous 65 | . . . . . . 10 55 . . . . . . . . . . Shots Hit Robots 350 | 8 28 7 109 14 2 10 130 6 14 . 2 . . 3 2 13 2 Core Hits 246 | 2 16 3 67 17 . 5 117 2 5 . 1 . . 6 1 4 . Critical Kills . | . . . . . . . . . . . . . . . . . . Critical Parts Destroyed 1 | . . . . . . . . . . . . . . . . . 1 Critical Strikes 11 | . . . 6 . . . . 1 . . 1 . . . 1 1 1 Burn 2 | . . . 2 . . . . . . . . . . . . . . Blast 4 | . . . 4 . . . . . . . . . . . . . . Smash 1 | . . . . . . . . . . . . . . . . . 1 Sever 3 | . . . . . . . . 1 . . . . . . 1 1 . Impale 1 | . . . . . . . . . . . 1 . . . . . . Melee Attacks 124 | . . . . . 2 . 2 22 37 . 7 . . 9 13 28 4 Impact 4 | . . . . . . . . . . . . . . . . . 4 Slashing 108 | . . . . . . . 2 22 34 . 4 . . 9 13 24 . Piercing 4 | . . . . . . . . . 1 . 3 . . . . . . Sneak Attacks 19 | . . . . . 2 . . 1 9 . 2 . . . 2 3 . Combat Hostiles 1 | . . . . . . . . . 1 . . . . . . . . Follow-up Attacks 1 | . . . . . . . . . 1 . . . . . . . . Damage Inflicted 11378 | 83 572 144 3907 934 . 255 3109 234 762 . 142 . . 396 173 544 123 Guns 3505 | 83 19 . 446 105 . 255 2597 . . . . . . . . . . Cannons 2900 | . 549 144 1848 95 . . 264 . . . . . . . . . . Explosions 2986 | . . . 1608 734 . . 248 . . . . . . 396 . . . Melee 1974 | . . . . . . . . 234 762 . 142 . . . 173 544 119 Ramming 13 | . 4 . 5 . . . . . . . . . . . . . 4 Kinetic 2632 | 34 7 . 1156 105 . . 1330 . . . . . . . . . . Thermal 2691 | 49 561 144 314 73 . 255 1295 . . . . . . . . . . Explosive 2812 | . . . 1507 661 . . 248 . . . . . . 396 . . . Electromagnetic 1256 | . . . 925 95 . . 236 . . . . . . . . . . Impact 119 | . . . . . . . . . . . . . . . . . 119 Slashing 1655 | . . . . . . . . 234 704 . . . . . 173 544 . Piercing 200 | . . . . . . . . . 58 . 142 . . . . . . Highest Corruption 11 | . 1 1 . . . . 1 2 2 2 3 3 4 7 . 3 11 Average Corruption 1 | . 1 1 . . . . 1 1 1 2 2 3 3 5 . 1 3 Corruption Purged . | . . . . . . . . . . . . . . . . . . Corruption Blocked . | . . . . . . . . . . . . . . . . . . Effects 54 | . 1 7 . . . . 9 6 8 3 6 2 . 9 . 2 1 Message Errors 10 | . . . . . . . 1 1 2 1 1 1 . 1 . 1 1 Matter Fused 16 | . . 3 . . . . 3 1 4 1 2 . . 2 . . . Heat Flow Errors 8 | . 1 1 . . . . . . 2 . . 1 . 2 . 1 . Energy Discharges 6 | . . 2 . . . . 3 . . . . . . 1 . . . Parts Rejected 1 | . . . . . . . . . . . . . . 1 . . . Data Loss (minor) 6 | . . . . . . . 1 1 . 1 2 . . 1 . . . Data Loss (major) 5 | . . 1 . . . . . 2 . . 1 . . 1 . . . Misfires 1 | . . . . . . . . 1 . . . . . . . . . Weapon Failures 1 | . . . . . . . 1 . . . . . . . . . . Overload Shots . | . . . . . . . . . . . . . . . . . . Overflow Damage 693 | . . . 143 41 . . 84 40 137 . 34 . . 11 . 151 52 Projectiles 56 | . . . 56 . . . . . . . . . . . . . . Explosions 223 | . . . 87 41 . . 84 . . . . . . 11 . . . Melee 414 | . . . . . . . . 40 137 . 34 . . . . 151 52 Knockbacks 5 | . . . 5 . . . . . . . . . . . . . . Impact . | . . . . . . . . . . . . . . . . . . Kinetic 4 | . . . 4 . . . . . . . . . . . . . . Secondary 1 | . . . 1 . . . . . . . . . . . . . . Self-Inflicted Damage 481 | . . . 265 123 . . . 33 8 . . . . 50 . . 2 Shots 15 | . . . 8 4 . . . 1 1 . . . . 1 . . . Rammed 2 | . 1 . . . . . . . . . . . . . . . 1 Targets Rammed 4 | . 2 . 1 . . . . . . . . . . . . . 1 Kicked 1 | . . . 1 . . . . . . . . . . . . . . Crushed 1 | . 1 . . . . . . . . . . . . . . . . Highest Temperature 498 | 100 375 498 222 111 . 1 211 3 269 . . 108 . 190 . 156 5 Average Temperature 77 | 50 104 219 53 37 . 1 60 3 119 . . 58 . 84 . 74 3 Received Heat Transfer 1976 | . 60 72 453 96 . 45 549 . 14 . 6 . . 18 . 58 605 Effects 2 | . . 2 . . . . . . . . . . . . . . . Shutdowns 1 | . . 1 . . . . . . . . . . . . . . . Energy Bleed 1 | . . 1 . . . . . . . . . . . . . . . Siege Activations . | . . . . . . . . . . . . . . . . . . Martial Activations . | . . . . . . . . . . . . . . . . . . Shielding Activations . | . . . . . . . . . . . . . . . . . . Robots Disrupted 1 | . . . . . . . 1 . . . . . . . . . . Combat Hostiles 1 | . . . . . . . 1 . . . . . . . . . . Robots Corrupted 4 | . . . 2 . . . 1 . . . . . . . . . 1 Combat Hostiles 4 | . . . 2 . . . 1 . . . . . . . . . 1 Parts Fried 7 | . . . 4 . . . 1 . . . . . . . . . 2 Impact Corruptions 1 | . . . . . . . . . . . . . . . . . 1 Robots Melted . | . . . . . . . . . . . . . . . . . . Combat Hostiles . | . . . . . . . . . . . . . . . . . . Parts Melted 7 | . 2 . 1 . . 1 3 . . . . . . . . . . Heat Transferred 4096 | 148 1036 259 692 . . 333 1628 . . . . . . . . . . Parts Sabotaged . | . . . . . . . . . . . . . . . . . . Parts Stolen . | . . . . . . . . . . . . . . . . . . Parts Stripped . | . . . . . . . . . . . . . . . . . . Power Chain Reactions 4 | . . . 3 1 . . . . . . . . . . . . . Alert | -11 -10 -10 -9 -9 -9 -8 -8 -7 -6 -6 -6 -6 -6 -5 -4 -3 -2 ------- Run | Yrd Mat Min Mat Min Exi Min Mat Fac Fac Was Fac Low Low Fac Fac Res Res Maximum Alert Level 3 | . . . 3 1 . . 2 . 1 . 1 . . . . 1 . Low Security (%) 66 | 100 100 100 18 28 . 100 36 100 99 100 76 . . 100 100 84 100 Level 1 19 | . . . 27 71 . . 36 . . . 23 . . . . 15 . Level 2 12 | . . . 42 . . . 26 . . . . . . . . . . Level 3 1 | . . . 11 . . . . . . . . . . . . . . Level 4 . | . . . . . . . . . . . . . . . . . . Level 5 . | . . . . . . . . . . . . . . . . . . High Security . | . . . . . . . . . . . . . . . . . . Max Security . | . . . . . . . . . . . . . . . . . . Peak Influence 841 | 5 154 44 841 383 . 71 485 189 212 26 363 . . 108 45 243 199 Initial 320 | . . 14 . 320 . . . 189 . 4 . . . 25 43 21 130 Average 169 | . 38 6 429 243 . 12 267 41 34 1 169 . . 39 4 63 134 Influence Increases 5604 | 5 300 50 1426 296 . 71 1090 149 506 36 717 . . 265 111 333 249 Destroy 0b10 Robot/C 2580 | . 180 40 920 200 . 60 700 20 . . 280 . . 80 . 80 20 Destroy 0b10 Robot/NC 245 | 5 30 . 90 10 . . 20 10 40 . 25 . . . 5 10 . Destroy Leader 584 | . 56 10 210 30 . 10 186 12 . . 50 . . 10 . . 10 Allied During Kill 107 | . . . . . . . . . . . 107 . . . . . . Successful Hack 245 | . . . 10 . . . 19 59 84 . 43 . . 6 15 . 9 Disable Machine 195 | . . . 60 . . . 30 30 15 . 60 . . . . . . Destroy Structure 463 | . 4 . 106 56 . 1 30 18 37 36 47 . . 94 16 18 . Partial Spotted 180 | . . . . . . . 15 . 75 . 15 . . 15 . . 60 Lose Combat Pursuer 1005 | . 30 . 30 . . . 90 . 255 . 90 . . 60 75 225 150 Influence Decreases 5495 | 5 262 88 604 940 178 71 672 567 494 48 552 102 23 216 158 142 373 Entered New Map 1201 | . . 24 . 502 178 . . 229 . 8 . 62 13 15 46 21 103 Time Decay 3494 | 5 262 64 564 428 . 71 642 338 344 20 202 40 10 181 92 81 150 Lost Part 250 | . . . 40 10 . . 30 . . . . . . 10 . 40 120 Lost Ally 250 | . . . . . . . . . . 20 200 . . 10 20 . . Purge Threat 300 | . . . . . . . . . 150 . 150 . . . . . . Squads Dispatched 61 | . 3 . 10 . . . 10 8 8 . 6 . . 5 3 3 5 Investigation 27 | . 1 . 5 . . . 4 6 4 . 3 . . 2 . . 2 Extermination 11 | . . . . . . . . 2 1 . 1 . . 3 2 1 1 Reinforcement 17 | . 2 . 4 . . . 2 . 3 . 2 . . . 1 1 2 Assault 1 | . . . 1 . . . . . . . . . . . . . . Garrison 5 | . . . . . . . 4 . . . . . . . . 1 . Intercept . | . . . . . . . . . . . . . . . . . . Searches Triggered . | . . . . . . . . . . . . . . . . . . Construction Impeded 1 | . . . . . . . . . 1 . . . . . . . . Haulers Reinforced 1 | . . . . . . . . . . . 1 . . . . . . Active Scanning Responses . | . . . . . . . . . . . . . . . . . . Cargo Convoy Interrupts . | . . . . . . . . . . . . . . . . . . Stealth | -11 -10 -10 -9 -9 -9 -8 -8 -7 -6 -6 -6 -6 -6 -5 -4 -3 -2 --------- Run | Yrd Mat Min Mat Min Exi Min Mat Fac Fac Was Fac Low Low Fac Fac Res Res Distress Signals 21 | . 1 . 4 1 . . 7 . 1 . 1 . . 2 1 1 2 Communications Jammed . | . . . . . . . . . . . . . . . . . . Distress Signals . | . . . . . . . . . . . . . . . . . . Times Spotted 259 | . 18 2 61 10 . 3 54 6 23 8 6 . 2 17 6 23 20 Peak Tracking Total 12 | . 4 2 5 5 . 3 4 2 11 5 6 . 1 7 4 12 12 Tactical Retreats 35 | . 2 . 2 . . . 7 . 7 1 2 . . 3 3 5 3 Traps | -11 -10 -10 -9 -9 -9 -8 -8 -7 -6 -6 -6 -6 -6 -5 -4 -3 -2 ------- Run | Yrd Mat Min Mat Min Exi Min Mat Fac Fac Was Fac Low Low Fac Fac Res Res Traps Triggered 15 | . 3 . 2 . . . 1 1 2 . . . . 3 . 1 2 Indirectly . | . . . . . . . . . . . . . . . . . . Trap Hack Attempts . | . . . . . . . . . . . . . . . . . . Triggered . | . . . . . . . . . . . . . . . . . . Disarmed . | . . . . . . . . . . . . . . . . . . Reprogrammed . | . . . . . . . . . . . . . . . . . . Reused . | . . . . . . . . . . . . . . . . . . Traps Extracted . | . . . . . . . . . . . . . . . . . . Installed . | . . . . . . . . . . . . . . . . . . Triggered . | . . . . . . . . . . . . . . . . . . Machines | -11 -10 -10 -9 -9 -9 -8 -8 -7 -6 -6 -6 -6 -6 -5 -4 -3 -2 ---------- Run | Yrd Mat Min Mat Min Exi Min Mat Fac Fac Was Fac Low Low Fac Fac Res Res Machines Disabled 13 | . . . 4 . . . 2 2 1 . 4 . . . . . . Max in Single Turn 2 | . . . 1 . . . 1 2 1 . . . . . . . . Garrison Access 1 | . . . . . . . . . . . 1 . . . . . . Machines Repaired . | . . . . . . . . . . . . . . . . . . Machines Dismantled . | . . . . . . . . . . . . . . . . . . Machines Sabotaged . | . . . . . . . . . . . . . . . . . . Overloaded Fab Kills . | . . . . . . . . . . . . . . . . . . Hacking | -11 -10 -10 -9 -9 -9 -8 -8 -7 -6 -6 -6 -6 -6 -5 -4 -3 -2 --------- Run | Yrd Mat Min Mat Min Exi Min Mat Fac Fac Was Fac Low Low Fac Fac Res Res Machines Accessed 57 | . 2 . 7 . 2 . 8 8 8 . 9 . . 4 6 1 2 Terminals 32 | . 2 . 5 . . . 6 3 4 . 5 . . 3 2 1 1 Fabricators 6 | . . . . . . . . 3 2 . . . . . . . 1 Repair Stations 7 | . . . . . . . 1 1 2 . 2 . . . 1 . . Recycling Units . | . . . . . . . . . . . . . . . . . . Scanalyzers 8 | . . . 2 . . . 1 1 . . 1 . . 1 2 . . Garrison Access 2 | . . . . . . . . . . . 1 . . . 1 . . Total Hacks 165 | . 5 . 17 . 24 . 16 26 23 . 25 . . 7 16 1 5 Successful 114 | . 2 . 7 . 24 . 8 21 14 . 16 . . 4 15 1 2 Failed 51 | . 3 . 10 . . . 8 5 9 . 9 . . 3 1 . 3 Catastrophic 12 | . 1 . 2 . . . 3 . 1 . 1 . . 2 . . 2 Database Lockouts . | . . . . . . . . . . . . . . . . . . Manual 73 | . 3 . 12 . 1 . 12 10 10 . 12 . . 6 3 1 3 Terminals 86 | . 5 . 12 . . . 12 14 15 . 15 . . 6 3 1 3 Fabricators 10 | . . . . . . . . 6 2 . . . . . . . 2 Repair Stations 18 | . . . . . . . 2 2 6 . 6 . . . 2 . . Recycling Units . | . . . . . . . . . . . . . . . . . . Scanalyzers 23 | . . . 5 . . . 2 4 . . 2 . . 1 9 . . Garrison Access 4 | . . . . . . . . . . . 2 . . . 2 . . Terminal Hacks 58 | . 1 . 2 . 24 . 3 8 8 . 6 . . 3 2 1 . Record 28 | . . . . . 23 . . 1 2 . 2 . . . . . . Robot Analysis 1 | . . . . . . . . . 1 . . . . . . . . Prototype ID Bank 1 | . . . . . . . . . 1 . . . . . . . . Open DSF 1 | . . . . . . . . . . . . . . . 1 . . Level Access Points 3 | . . . . . . . . . . . . . . 1 1 1 . Branch Access Points 3 | . . . . . . . . 1 1 . 1 . . . . . . Fabricator Index 1 | . . . . . . . . 1 . . . . . . . . . Scanalyzer Index 5 | . . . 1 . . . 1 1 . . 1 . . 1 . . . Unreport Threat 2 | . . . . . . . . . 1 . 1 . . . . . . Transport Status 1 | . . . . . . . 1 . . . . . . . . . . Recall Investigation 2 | . . . . . . . . 1 1 . . . . . . . . Recall Reinforcements 4 | . 1 . . . . . . 2 . . 1 . . . . . . Recall Assault 2 | . . . . . . . . 1 . . . . . 1 . . . Hauler Manifests 2 | . . . 1 . . . 1 . . . . . . . . . . Zone Layout 1 | . . . . . . . . . 1 . . . . . . . . Proto ID Catalog 1 | . . . . . 1 . . . . . . . . . . . . Fabricator Hacks 10 | . . . . . . . . 6 2 . . . . . . . 2 Load Schematic 5 | . . . . . . . . 3 1 . . . . . . . 1 Build 5 | . . . . . . . . 3 1 . . . . . . . 1 Repair Station Hacks 15 | . . . . . . . 2 2 3 . 6 . . . 2 . . Scan Component 8 | . . . . . . . 1 1 2 . 3 . . . 1 . . Repair 7 | . . . . . . . 1 1 1 . 3 . . . 1 . . Recycling Unit Hacks . | . . . . . . . . . . . . . . . . . . Scanalyzer 20 | . . . 4 . . . 2 3 . . 2 . . 1 8 . . Insert Component 11 | . . . 2 . . . 1 2 . . 1 . . 1 4 . . Analyze 9 | . . . 2 . . . 1 1 . . 1 . . . 4 . . Garrison Access Hacks 2 | . . . . . . . . . . . 1 . . . 1 . . Unlock Access 1 | . . . . . . . . . . . . . . . 1 . . Seal Access 1 | . . . . . . . . . . . 1 . . . . . . Unauthorized Hacks 9 | . 1 . 1 . . . 1 2 1 . 1 . . . 2 . . Terminals 8 | . 1 . 1 . . . 1 2 1 . 1 . . . 1 . . Track 1 | . . . . . . . . 1 . . . . . . . . . Assimilate 1 | . . . . . . . . 1 . . . . . . . . . Botnet 2 | . . . . . . . . . . . 1 . . . 1 . . Operators 4 | . 1 . 1 . . . 1 . 1 . . . . . . . . Fabricators . | . . . . . . . . . . . . . . . . . . Repair Stations . | . . . . . . . . . . . . . . . . . . Recycling Units . | . . . . . . . . . . . . . . . . . . Scanalyzers . | . . . . . . . . . . . . . . . . . . Garrison Access 1 | . . . . . . . . . . . . . . . 1 . . Reprogram 1 | . . . . . . . . . . . . . . . 1 . . Data Cores Recovered . | . . . . . . . . . . . . . . . . . . Used . | . . . . . . . . . . . . . . . . . . Hacking Detections 41 | . 2 . 5 . . . 5 7 7 . 7 . . 3 3 . 2 Full Trace Events 23 | . 1 . 3 . . . 2 6 4 . 3 . . 2 . . 2 Feedback Events 3 | . . . . . . . . 1 1 . 1 . . . . . . Corruption 3 | . . . . . . . . 1 1 . 1 . . . . . . Feedback Blocked 1 | . . . . . . . . . . . 1 . . . . . . Robot Schematics Acquired . | . . . . . . . . . . . . . . . . . . Robots Built . | . . . . . . . . . . . . . . . . . . Authchips . | . . . . . . . . . . . . . . . . . . Time . | . . . . . . . . . . . . . . . . . . Total Robot Build Rating . | . . . . . . . . . . . . . . . . . . Part Schematics Acquired 9 | . . . 2 . . . 1 1 . . 1 . . . 4 . . Parts Built 8 | . . . . . . . . 4 2 . . . . . . . 2 Authchips . | . . . . . . . . . . . . . . . . . . Time 354 | . . . . . . . . 220 117 . . . . . . . 17 Total Part Build Rating 26 | . . . . . . . . 10 14 . . . . . . . 2 Parts Repaired 7 | . . . . . . . 1 1 1 . 3 . . . 1 . . Time 179 | . . . . . . . 32 25 12 . 84 . . . 26 . . Parts Recycled . | . . . . . . . . . . . . . . . . . . Recycled Matter . | . . . . . . . . . . . . . . . . . . Retrieved Matter . | . . . . . . . . . . . . . . . . . . Retrieved Components . | . . . . . . . . . . . . . . . . . . Parts Scanalyzed 9 | . . . 2 . . . 1 1 . . 1 . . . 4 . . Part Schematics Acquired 9 | . . . 2 . . . 1 1 . . 1 . . . 4 . . Parts Damaged 1 | . . . . . . . . 1 . . . . . . . . . Bothacking | -11 -10 -10 -9 -9 -9 -8 -8 -7 -6 -6 -6 -6 -6 -5 -4 -3 -2 ------------ Run | Yrd Mat Min Mat Min Exi Min Mat Fac Fac Was Fac Low Low Fac Fac Res Res Used RIF Installer . | . . . . . . . . . . . . . . . . . . Robots Hacked 4 | . . . . . 2 . . . 1 . . . . . . 1 . Non-combat 3 | . . . . . 2 . . . 1 . . . . . . . . Combat 1 | . . . . . . . . . . . . . . . . 1 . Robot Hacks Applied 4 | . . . . . 2 . . . 1 . . . . . . 1 . parse_system 3 | . . . . . 2 . . . . . . . . . . 1 . check_alert 1 | . . . . . . . . . 1 . . . . . . . . Relay Couplers Released . | . . . . . . . . . . . . . . . . . . Fabnet Peak Effective % . | . . . . . . . . . . . . . . . . . . Robots Rewired . | . . . . . . . . . . . . . . . . . . Allies Hacked . | . . . . . . . . . . . . . . . . . . Hacks Repelled . | . . . . . . . . . . . . . . . . . . Allies | -11 -10 -10 -9 -9 -9 -8 -8 -7 -6 -6 -6 -6 -6 -5 -4 -3 -2 -------- Run | Yrd Mat Min Mat Min Exi Min Mat Fac Fac Was Fac Low Low Fac Fac Res Res Total Allies 21 | . . . . 1 . . . 1 . 19 . . . . . . . Largest Group 19 | . . . . 1 . . . 1 . 19 14 . . . . . . Highest-Rated Group 669 | . . . . 31 . . . 26 . 669 538 . . . . . . Highest-Rated Ally 50 | . . . . 31 . . . 26 . 50 50 . . . . . . Total Orders 6 | . . . . . . . . 1 . . . . . 3 2 . . ROAM 1 | . . . . . . . . 1 . . . . . . . . . EXPLORE 5 | . . . . . . . . . . . . . . 3 2 . . Ally Attacks 208 | . . . . . . . . . . 142 66 . . . . . . Total Damage 7607 | . . . . . . . . . . 5056 2551 . . . . . . Kills 29 | . . . . . . . . . . 10 19 . . . . . . Allies Corrupted . | . . . . . . . . . . . . . . . . . . Allies Melted 1 | . . . . . . . . . . . 1 . . . . . . Intel | -11 -10 -10 -9 -9 -9 -8 -8 -7 -6 -6 -6 -6 -6 -5 -4 -3 -2 ------- Run | Yrd Mat Min Mat Min Exi Min Mat Fac Fac Was Fac Low Low Fac Fac Res Res Active Infowar (turns) 10139 | . 1394 475 2037 1057 606 388 2912 32 . 2 . . . . 714 220 302 Optics 10003 | . 1394 475 2037 1057 606 388 2912 32 . . . . . . 580 220 302 Sensors 134 | . . . . . . . . . . . . . . . 134 . . Terrain 2 | . . . . . . . . . . 2 . . . . . . . ECM 417 | . . . . . . . 399 . . . . . . . . 17 1 Robot Analysis Total 1 | . . . . . . . . . 1 . . . . . . . . Derelict Logs Recovered 6 | . . . . 2 . . . . . . . 3 1 . . . . Drone Launches 5 | . . . . . . . . . . . . . . 3 2 . . Drone Recoveries 2 | . . . . . . . . . . . . . . 2 . . . Exploration | -11 -10 -10 -9 -9 -9 -8 -8 -7 -6 -6 -6 -6 -6 -5 -4 -3 -2 ------------- Run | Yrd Mat Min Mat Min Exi Min Mat Fac Fac Was Fac Low Low Fac Fac Res Res Turns Passed 13756 | 81 1432 475 2037 1057 606 388 2912 1195 923 203 460 82 29 636 717 220 303 Spaces Moved 12453 | 36 752 279 1006 582 374 202 1130 1672 1318 348 1067 283 100 1105 1142 350 707 Core 12 | 5 . . . . . . . . . . . . . . . . 7 Treads 3949 | 31 752 279 589 582 374 202 1130 10 . . . . . . . . . Legs 417 | . . . 417 . . . . . . . . . . . . . . Wheels . | . . . . . . . . . . . . . . . . . . Hover . | . . . . . . . . . . . . . . . . . . Flight 8075 | . . . . . . . . 1662 1318 348 1067 283 100 1105 1142 350 700 Fastest Speed 26 | 50 160 160 130 160 160 160 160 26 26 28 28 29 29 27 34 34 28 Average Speed 79 | 148 160 160 147 160 160 160 216 27 28 29 29 29 29 31 34 34 29 Slowest Speed 320 | 160 160 160 240 160 160 160 320 235 101 101 31 29 29 109 34 34 50 Overloaded Moves . | . . . . . . . . . . . . . . . . . . Propulsion Burnouts . | . . . . . . . . . . . . . . . . . . Robots Hopped 7 | . . . . . . . . 3 . . 1 . . . . 2 1 Potential Cave-ins 2 | . . . . . . . . . . . . . . . . 2 . Cave-ins Triggered . | . . . . . . . . . . . . . . . . . . Exploration Rate (%) 47 | 4 91 55 75 96 77 52 69 22 33 97 29 46 13 31 32 12 20 Regions Visited 17 Branch Regions 6 Pre-discovered Areas 2 | . . . . . 1 . . . . . . 1 . . . . . Known Exits Taken 4 | . . . . . . . . . . . 1 . . 1 1 1 . Unknown Exits Taken 11 | 1 1 1 1 1 1 1 1 1 . . . 1 1 . . . . Scrap Searched 3 | . . . . 1 . . . . . . . 1 1 . . . . Spaces Dug 92 | . . . . . . . 2 14 45 . 4 . . 9 8 10 . Terrain Destroyed 370 | . . . 113 90 . 1 29 17 45 . 4 . . 53 8 10 . Melee 67 | . . . . . . . 2 14 20 . 4 . . 9 8 10 . Projectile 12 | . . . 2 . . 1 9 . . . . . . . . . . AOE 291 | . . . 111 90 . . 18 3 25 . . . . 44 . . . Terrain Rammed . | . . . . . . . . . . . . . . . . . . Walls Destroyed . | . . . . . . . . . . . . . . . . . . Machines Disabled . | . . . . . . . . . . . . . . . . . . Actions | -11 -10 -10 -9 -9 -9 -8 -8 -7 -6 -6 -6 -6 -6 -5 -4 -3 -2 --------- Run | Yrd Mat Min Mat Min Exi Min Mat Fac Fac Was Fac Low Low Fac Fac Res Res Total 15762 | 50 933 296 1390 678 382 267 1498 2381 1820 447 1197 282 99 1381 1452 414 795 Wait 2531 | . 123 9 245 73 1 59 224 642 439 84 95 . . 201 271 15 50 Move 12423 | 35 751 278 1005 581 373 201 1129 1665 1318 347 1064 282 99 1104 1141 345 705 Hop 7 | . . . . . . . . 3 . . 1 . . . . 2 1 Pick Up 93 | 3 11 1 7 2 1 . 21 12 4 1 2 . . 12 5 3 8 Fast Attach 95 | 6 7 . 15 . . 2 10 3 5 6 14 . . 11 4 6 6 Attach 59 | . 1 . 4 2 . 1 11 10 4 1 . . . 5 5 5 10 Detach 22 | . 1 . 1 . 1 1 9 1 2 . 1 . . 2 1 . 2 Swap 60 | . 3 1 16 5 1 1 14 4 3 1 1 . . 4 4 2 . Drop 140 | . 10 1 16 1 3 2 23 19 7 7 13 . . 20 8 8 2 Fire 190 | 6 24 6 80 14 . . 55 . 2 . . . . 3 . . . Melee 122 | . . . . . 2 . 2 22 36 . 6 . . 9 13 28 4 Ram 1 | . . . . . . . . . . . . . . . . . 1 Kick 1 | . . . 1 . . . . . . . . . . . . . . Crush 2 | . 2 . . . . . . . . . . . . . . . . Escape Stasis 16 | . . . . . . . . . . . . . . 10 . . 6 Rewire . | . . . . . . . . . . . . . . . . . . Trap . | . . . . . . . . . . . . . . . . . . Miscellaneous . | . . . . . . . . . . . . . . . . . . Route ------- -11/Scrapyard -10/Materials (discovered 5 exits: *Mat x3 / [*Min] / [*Sub]) -10/Mines (discovered 2 exits: *Mat x2) -9/Materials (discovered 2 exits: *Mat / [*Min]) -9/Mines (discovered 4 exits: *Mat x2 / *Exi / [*Zio]) -9/Exiles (discovered 2 exits: [*Min x2]) -8/Mines -8/Materials (discovered 2 exits: *Fac x2) -7/Factory (discovered 4 exits: *Fac / Sto / Low x2) -6/Factory (discovered 5 exits: *Fac x3 / Low x2) -6/Waste -6/Factory (discovered 2 exits: *Low x2) -6/Lower Caves -6/Lower Caves -5/Factory (discovered 4 exits: *Fac x4) -4/Factory (discovered 5 exits: *Res x4 / Gar) -3/Research (discovered 3 exits: *Res x3) -2/Research History --------- Turn | Location | Event 9 | -11/Scrapyard | Discovered new exit (range 16) 82 | -11/Scrapyard | Entered Materials 138 | -10/Materials | Discovered new exit (range 14) 318 | -10/Materials | Build established: Mutant 639 | -10/Materials | Discovered new exit (range 17) 872 | -10/Materials | Discovered new exit (range 10) 1010 | -10/Materials | Discovered new exit (range 8) 1285 | -10/Materials | Discovered new exit (range 14) 1514 | -10/Materials | Entered Mines 1559 | -10/Mines | Met a Derelict bent on vengeance 1599 | -10/Mines | Received a Rocket Launcher from a helpful Derelict 1631 | -10/Mines | Discovered new exit (range 11) 1863 | -10/Mines | Discovered new exit (range 5) 1989 | -10/Mines | Entered Materials 1989 | -9/Materials | Evolved 2 slots: Propulsion x1, Utility x1 2547 | -9/Materials | Discovered new exit (range 18) 3108 | -9/Materials | Core integrity fell below 50% 3126 | -9/Materials | Discovered new exit (range 16) 3192 | -9/Materials | Build established: Scavenger-Mutant 3989 | -9/Materials | First assault squad dispatched 4026 | -9/Materials | Entered Mines 4073 | -9/Mines | Discovered new exit (range 5) 4109 | -9/Mines | Learned Materials non-interactive machine intel 4135 | -9/Mines | Learned Materials emergency access door positions 4341 | -9/Mines | Destroyed 7 combat bots 4409 | -9/Mines | A Derelict revealed a hidden shortcut to a safe place 4459 | -9/Mines | Found a hidden stash of uninstalled traps 4674 | -9/Mines | Found DCF Scrap (14 items) 4677 | -9/Mines | Discovered new exit (range 7) 5021 | -9/Mines | Escorted by a lone wolf Derelict 5075 | -9/Mines | Deemed a non-threat by the Exiles lab entrance 5077 | -9/Mines | Discovered new exit (range 5) 5083 | -9/Mines | Entered Exiles 5112 | -9/Exiles | Discovered new exit (range 15) 5136 | -9/Exiles | Met 8R-AWN 5164 | -9/Exiles | Met EX-HEX 5214 | -9/Exiles | Met EX-BIN 5236 | -9/Exiles | Aligned with FarCom system 5238 | -9/Exiles | Given EX-Vault access code 5278 | -9/Exiles | Opened EX-Vault 5305 | -9/Exiles | Found AWS/Thermal 5337 | -9/Exiles | Warned to stay clear of 0b10 Research branches 5382 | -9/Exiles | Build established: Mutant 5384 | -9/Exiles | Met EX-DEC 5447 | -9/Exiles | Visited The Gauntlet 5557 | -9/Exiles | Learned location of Zion (-7) 5652 | -9/Exiles | Discovered new exit (range 15) 5689 | -9/Exiles | Left Exiles lab with AWS/Thermal 5689 | -9/Exiles | Entered Mines 5692 | -8/Mines | Core integrity fell below 20% 5990 | -8/Mines | Build established: Scavenger-Mutant 6054 | -8/Mines | Discovered new exit (range 13) 6077 | -8/Mines | Entered Materials 6077 | -8/Materials | Evolved 2 slots: Utility x2 6079 | -8/Materials | Loaded intel: 40 non-interactive machine locations 6127 | -8/Materials | Repaired Hrd. Light Armor Plating 6622 | -8/Materials | Discovered new exit (range 4) 6770 | -8/Materials | AWS/Thermal suddenly broke down 7554 | -8/Materials | Garrison activated, responded to threat 7701 | -8/Materials | Garrison activated, responded to threat 7952 | -8/Materials | Discovered new exit (range 20) 8972 | -8/Materials | Build established: Mutant 8989 | -8/Materials | Entered Factory 8989 | -7/Factory | Evolved 2 slots: Propulsion x1, Utility x1 9047 | -7/Factory | Discovered new exit (range 10) 9286 | -7/Factory | Fabricated VTOL Module? 9321 | -7/Factory | Build established: Hacker-Sprinter 9384 | -7/Factory | Fabricated Hacking Suite (x1) 9610 | -7/Factory | Identified exit to Storage 9610 | -7/Factory | Identified exit to Lower Caves 9937 | -7/Factory | Fabricated Imp. VTOL Module? 10097 | -7/Factory | Repaired Broken Imp. VTOL Module 10184 | -7/Factory | Entered another Factory area 10184 | -6/Factory | Evolved 2 slots: Utility x1, Weapon x1 10526 | -6/Factory | Discovered new exit (range 13) 10545 | -6/Factory | Discovered new exit (range 15) 10676 | -6/Factory | Identified exit to Lower Caves 10789 | -6/Factory | Fabricated Adv. Datajack? 10793 | -6/Factory | Discovered new exit (range 16) 11094 | -6/Factory | Repaired Katana 11107 | -6/Factory | Sucked down chute 11107 | -6/Factory | Entered Waste 11108 | -6/Waste | Met a frightened Derelict 11109 | -6/Waste | Found Prototype Device 11109 | -6/Waste | Identified Exp. Terrain Scanner 11137 | -6/Waste | Spotted C-40 Crusher 11137 | -6/Waste | Spotted C-40 Crusher 11138 | -6/Waste | Spotted C-40 Crusher 11139 | -6/Waste | Spotted C-40 Crusher 11139 | -6/Waste | Spotted C-40 Crusher 11146 | -6/Waste | Warlord forces began an assault 11194 | -6/Waste | Spotted C-40 Crusher 11194 | -6/Waste | Allies destroyed C-40 Crusher 11198 | -6/Waste | Allies destroyed C-40 Crusher 11201 | -6/Waste | Allies destroyed C-40 Crusher 11218 | -6/Waste | Discovered new exit (range 16) 11229 | -6/Waste | Lost 4 allies 11310 | -6/Waste | Entered Factory 11310 | -6/Factory | Accompanied by 14 allies 11402 | -6/Factory | Repaired Xenon Bombardment Thruster 11481 | -6/Factory | Repaired Utility Shielding 11526 | -6/Factory | Repaired Spear 11770 | -6/Factory | Entered Lower Caves 11788 | -6/Lower Caves | Encountered a Warlord checkpoint 11791 | -6/Lower Caves | Learned Factory emergency access door positions 11808 | -6/Lower Caves | Learned location of 1 exit from Proximity Caves 11848 | -6/Lower Caves | Discovered new exit (range 7) 11852 | -6/Lower Caves | Entered another Lower Caves area 11854 | -6/Lower Caves | Learned Factory emergency access door positions 11880 | -6/Lower Caves | Discovered new exit (range 6) 11881 | -6/Lower Caves | Entered Factory 11881 | -5/Factory | Evolved 2 slots: Propulsion x1, Utility x1 12377 | -5/Factory | Identified exit to Factory 12481 | -5/Factory | Build established: Wizard-Mutant 12517 | -5/Factory | Entered another Factory area 12517 | -4/Factory | Evolved 2 slots: Utility x2 12581 | -4/Factory | Repaired Exp. Propulsion Shielding 12668 | -4/Factory | Identified exit to Garrison 12794 | -4/Factory | Identified exit to Research 13234 | -4/Factory | Entered Research 13234 | -3/Research | Evolved 2 slots: Propulsion x1, Utility x1 13363 | -3/Research | Identified exit to Research 13375 | -3/Research | Garrison activated, responded to threat 13454 | -3/Research | Entered another Research area 13454 | -2/Research | Evolved 2 slots: Propulsion x2 13481 | -2/Research | Lost 4 parts (2p1u1w) 13539 | -2/Research | Fabricated Utility Shielding? 13638 | -2/Research | Spotted B-90 Cyclops 13712 | -2/Research | Spotted B-90 Cyclops 13745 | -2/Research | Core integrity fell below 50% 13754 | -2/Research | Core integrity fell below 20% 13754 | -2/Research | System corruption reached 10% 13757 | -2/Research | Destroyed by P-80 Master with Gamma Rifle Last Messages --------------- 13747_ Prototype Energy Gun tumbles out of recycling unit. 13747_ M-28 Smith repairs P-80 Master Imp. Antigrav System. 13749_ Hacking Suite severed. 13750_ M-28 Smith repairs P-80 Master Gamma Rifle. 13750_ U-05 Engineer builds a Wall. 13753_ P-80 Master resets C-57 Dissector, system corruption cleaned. 13755_ Hacking Suite severed. 13755_ U-05 Engineer builds a Wall. 13755_ P-80 Master resets P-80 Master, system corruption cleaned. 13756_ Slammed into C-57 Dissector. 13756_ Enh. Optical Array broken. 13756_ Destabilizing: Short circuit. 13757_ Critical hit (Meltdown: +400). 13757_ Adv. Terrain Scan Processor severed. [Achievement: 10k Club] Map ----- +----------------------------------------------------+ | ??????????????????#!= """ ############ | | ??????????????????#!! """ "R" ## # | | ??????????????????# """ " " "# # | | ??????????????????# """ ## + | | ??????????????????# ## # | | ??????????????????# ## # | | ??????????????????+ "# ### | | ??????????????????# ######+#### | | ??????????????????+ "! != # | | ??????????????????# # """ # = # | | ????????????????????# ""# * # = # | | ????????????????????##?# # + | | ???????????????????????# + # | | ???????????????????????##" " ] # | | ?????????????????????????# h " # | | ?????????????????????????# # # | | ???????????????????????####BB;#;# ########### | | ???????????????????????+ uBB u# #?????????# | | ???????????????????????# BB=# ########### | | ???????????????????????# BB%+* | | ???????????????????????# pp*!# | | ???????????????????????# ! /# | | ???????????????????????# p=; = | | ???????????????????????# ;#######+######+## | | ???????????????????????# cm ##???# ???# | | ???????????????????????#/@c ;#???# ??# | | ???????????????????????#######;###???# #* """ | | ??????????????????????????????##?????# + """ | | ?????????????????????????????????????# # """ | | ?????????????????????????????????????# ??# | | ?????????????????????????????????????# ????# | | ???????????????????????????????????????????# ! | | ???????????????????????????????????????????# | | ???????????????????????????????????????????####### | | ?????????????????????????????????????????????????? | | ?????????????????????????????????????????????????? | | ?????????????????????????????????????????????????? | | ??????????????????????????????????????w??????????? | | ?????????????????????????????????????????????????? | | ?????????????????????????????????????????????????? | | ?????????????????????????????????????????????????? | | ?????????????????????????????????????????????????? | | ?????????????????????????????????????????????????? | | ?????????????????????????????????????????????????? | | ?????????????????????????????????????????????????? | | ?????????????????????????????????????????????????? | | ?????????????????????????????????????????????????? | | ?????????????????????????????????????????????????? | | ?????????????????????????????????????????????????? | | ?????????????????????????????????????????????????? | +----------------------------------------------------+ Best States ------------- Heat Dissipation 49 Energy Generation 25 Energy Capacity 500 Matter Stores 300 Matter Capacity 300 Sight Range 22 Robot Scan Range 16 Terrain Scan Range 30 Terrain Scan Density 210 ECM Strength 2 Armor Coverage 225 Resistance: TH 20 Propulsion Shielding 90 Utility Shielding 33 Weapon Shielding 66 Evasion (%) 64 Launcher Accuracy 40 Recoil Reduction 3 Offensive Hacking 50 Defensive Hacking 14 Item Schematics ----------------- Hacking Suite | -9/Materials | Scanalyzed VTOL Module | -9/Materials | Scanalyzed Utility Shielding | -8/Materials | Scanalyzed Imp. VTOL Module | -7/Factory | Scanalyzed Nuclear Pulse Thruster | -6/Factory | Scanalyzed F-cell Engine | -4/Factory | Scanalyzed Xenon Bombardment Thruster | -4/Factory | Scanalyzed Field Propulsion Array | -4/Factory | Scanalyzed Adv. Datajack | -4/Factory | Scanalyzed Robot Schematics ------------------ None Fabricated ------------ VTOL Module | x2 | -7/Factory Hacking Suite | x1 | -7/Factory Imp. VTOL Module | x1 | -7/Factory Adv. Datajack | x2 | -6/Factory | Preloaded Utility Shielding | x2 | -2/Research Repaired ---------- Hrd. Light Armor Plating | 11% | -8/Materials Imp. VTOL Module | 99% | -7/Factory | Broken Katana | 28% | -6/Factory Xenon Bombardment Thruster | 50% | -6/Factory Utility Shielding | 72% | -6/Factory Spear | 55% | -6/Factory Exp. Propulsion Shielding | 56% | -4/Factory Alien Tech Used ----------------- None Achievements -------------- 10k Club Everything Is Under Control Leap Before You Look More Dakka Please Part-time Mechanic Party Time Prolific Hacker Remodeling Short-term Sacrifices Challenges ------------ None Game ------ Seed ConcussiveGrapheneMonowheel Manual? 0 Play Time 03:19:06 Cumulative 10.0 hours Start 2025.06.29 @ 18:22:03 End 2025.06.29 @ 23:56:24 Sessions 3 Manual Loads 0 Difficulty Rogue Special Mode None Game No. 11 Rogue 11 Adventurer 0 Explorer 0 Win Type - Total 0 Types 0/0/0/0/0/0/0/0/0/0 Lore% 10 Gallery% 17 Achievement% 20 Wizard Run 0 Options --------- Layout 2 ASCII 0 Keyboard 0 Movement Mouse Keybinds 0 Fullscreen 1 Font 24/Smallcaps Map View 50x44 Zoom Use 0% Tactical HUD 1 Map Filters NONE Filters NONE Steam 1 RUN: 92a731c0-7d35-4181-84a1-185a5a06e807